Map: Heavy Artillery LE

Players

admiral

  • Race: Protoss Protoss
  • League: Platinum
  • Spawn Location: 7:00

StanIsLaw

  • Race: Protoss Protoss
  • Spawn Location: 7:00

MattBarry - Winner!

  • Race: Protoss Protoss
  • Spawn Location: 3:00

MattBarry - Winner!

  • Race: Zerg Zerg
  • Spawn Location: 1:00

VOD

Have the link to the VOD?

Description

Time

  • Played on: Jan. 2, 2023, 8:11 p.m.
  • Length: 10:36
Show
View Real Time Build Order
Export as new Build Order

admiral Protoss 

Build Orders:  

Get SALT Encoding   

  12  0:03  Probe  
  13  0:22  Pylon  
  13  0:26  Probe  
  14  0:38  Probe  
  15  0:46  Gateway  
  15  0:50  Probe  
  15  0:53  Assimilator  
  15  0:56  Assimilator  
  16  1:02  Probe (Chrono Boost)  
  17  1:14  Probe (Chrono Boost)  
  17  1:17  Pylon  
  18  1:18  Probe (Chrono Boost)  
  19  1:28  Probe  
  20  1:39  Cybernetics Core  
  20  1:40  Probe  
  21  2:00  Probe  
  22  2:04  Gateway x2  
  22  2:13  Gateway  
  22  2:15  Warp Gate (Chrono Boost)  
  22  2:16  Probe  
  23  2:47  Pylon  
  23  3:03  Probe  
  24  3:12  Forge  
  24  3:15  Probe  
  25  3:28  Pylon  
  25  3:42  Stalker x2  
  25  3:43  Stalker  
  25  3:44  Stalker  
  33  3:51  Photon Cannon  
  33  3:55  Shield Battery  
  33  4:08  Stalker  
  33  4:09  Stalker  
  37  4:10  Stalker  
  37  4:11  Stalker  
  41  4:35  Stalker x2  
  41  4:36  Stalker  
  47  4:47  Pylon  
  47  4:51  Pylon  
  47  5:31  Stalker x2  
  47  5:32  Stalker  
  47  5:33  Stalker  
  55  5:38  Pylon  
  47  6:02  Stalker x3  
  47  6:03  Stalker  
  47  6:13  Shield Battery  
  47  6:15  Photon Cannon, Shield Battery  
  41  6:23  Probe  
  38  6:36  Stalker, Probe  
  38  6:37  Stalker  
  43  6:41  Adept  
  32  7:44  Nexus  
  32  7:47  Pylon  
  32  7:51  Pylon  
  32  7:55  Adept  
  32  7:56  Adept  
  36  7:59  Stargate  
  36  8:02  Stargate  
  36  8:10  Probe  
  37  8:22  Probe  
  37  8:23  Adept x2  
  42  8:37  Probe  
  39  8:49  Probe  
  42  9:12  Void Ray x2 (Chrono Boost)  
  42  9:28  Pylon  
  42  9:30  Pylon  
  42  9:42  Void Ray x2 (Chrono Boost)  
  42  9:44  Probe x2  
  52  9:49  Assimilator  
  52  9:53  Assimilator  
  52  9:56  Probe  
  40  10:14  Stalker  
  40  10:15  Stalker x2  
  40  10:17  Stalker  
Show
View Real Time Build Order
Export as new Build Order

StanIsLaw Protoss 

Build Orders:  

Get SALT Encoding   

  12  0:00  Probe  
  13  0:13  Pylon  
  13  0:20  Probe  
  14  0:32  Probe (Chrono Boost)  
  15  0:36  Gateway  
  16  0:44  Probe (Chrono Boost)  
  16  0:46  Assimilator  
  16  0:52  Probe (Chrono Boost)  
  17  1:02  Gateway  
  17  1:15  Probe  
  18  1:27  Probe (Chrono Boost)  
  19  1:33  Assimilator  
  19  1:39  Probe (Chrono Boost)  
  20  1:44  Probe (Chrono Boost)  
  20  1:46  Cybernetics Core  
  21  1:54  Probe  
  22  2:05  Pylon  
  22  2:10  Probe (Chrono Boost)  
  23  2:20  Warp Gate (Chrono Boost), Pylon  
  23  2:31  Gateway  
  23  2:51  Gateway  
  23  2:53  Pylon x2  
  23  2:59  Pylon  
  23  3:04  Probe  
  24  3:17  Probe  
  25  3:30  Shield Battery  
  25  4:01  Adept x4  
  33  4:21  Stalker x2  
  33  4:22  Stalker x2  
  41  4:30  Shield Battery  
  41  4:32  Shield Battery  
  41  4:45  Stalker x3  
  47  4:46  Adept  
  49  5:12  Stalker x2  
  49  5:13  Stalker x2  
  57  5:39  Stalker x3  
  52  5:59  Adept  
  52  6:02  Adept x2  
  52  6:03  Adept  
  40  6:29  Adept x3  
  40  6:30  Adept  
  48  6:51  Stalker  
  48  6:52  Stalker x3  
  46  7:26  Nexus  
  46  7:30  Stalker  
  46  7:31  Adept  
  46  7:32  Sentry  
  52  7:44  Robotics Facility  
  52  7:53  Stalker  
  52  7:55  Sentry  
  56  8:03  Assimilator  
  56  8:19  Adept x2  
  60  8:21  Adept  
  62  8:38  Assimilator  
  62  8:43  Pylon  
  44  9:00  Immortal (Chrono Boost)  
  44  9:19  Shield Battery x2  
  42  9:45  Immortal  
  46  9:50  Probe (Chrono Boost)  
  41  10:05  Adept  
Show
View Real Time Build Order
Export as new Build Order

MattBarry Protoss - Winner!

Build Orders:  

Get SALT Encoding   

  12  0:00  Probe  
  13  0:12  Probe  
  14  0:17  Pylon  
  14  0:25  Probe  
  15  0:37  Gateway, Probe  
  16  0:56  Forge  
  15  1:24  Probe  
  16  1:26  Assimilator  
  16  1:28  Cybernetics Core  
  16  1:36  Probe  
  17  1:42  Gateway, Zealot  
  19  1:51  Probe  
  20  2:03  Probe  
  21  2:16  Probe  
  22  2:46  Warp Gate  
  22  2:49  Pylon  
  22  2:55  Probe  
  23  3:00  Pylon  
  23  3:01  Assimilator  
  23  3:07  Adept x2 (Chrono Boost)  
  23  3:11  Gateway  
  27  3:24  Nexus  
  27  3:25  Probe  
  28  3:37  Probe  
  28  3:38  Photon Cannon  
  28  3:41  Photon Cannon  
  29  3:46  Adept (Chrono Boost)  
  31  3:50  Adept (Chrono Boost)  
  33  3:56  Probe  
  34  4:06  Adept (Chrono Boost)  
  36  4:10  Pylon  
  36  4:16  Pylon  
  36  4:19  Probe  
  37  4:31  Probe  
  37  4:36  Protoss Ground Weapons Level 1  
  38  4:41  Probe  
  38  4:44  Probe  
  40  4:52  Pylon  
  40  5:10  Stalker x2  
  40  5:11  Stalker  
  38  5:34  Stalker  
  38  5:35  Stalker x2  
  40  5:44  Pylon  
  40  5:46  Pylon x2  
  40  6:03  Stalker x2  
  43  6:07  Stalker  
  39  6:17  Probe  
  34  6:29  Probe  
  34  6:31  Stalker  
  37  6:32  Stalker  
  37  6:36  Sentry  
  41  6:55  Sentry  
  43  7:17  Stalker  
  43  7:18  Stalker x2  
  50  7:22  Probe  
  50  7:28  Twilight Council  
  50  7:32  Pylon  
  50  7:42  Sentry x2  
  54  7:44  Stalker  
  56  7:59  Probe  
  56  8:00  Protoss Ground Armor Level 1  
  57  8:06  Zealot x2  
  57  8:10  Zealot  
  57  8:11  Probe  
  54  8:54  Stalker  
  54  8:55  Stalker x2  
  58  9:16  Nexus  
  58  9:22  Robotics Facility  
  58  9:28  Pylon  
Show
View Real Time Build Order
Export as new Build Order

MattBarry Zerg - Winner!

Build Orders: Hatch First 

Get SALT Encoding   

  12  0:00  Drone  
  13  0:13  Overlord  
  13  0:19  Drone  
  14  0:31  Drone x2  
  16  0:53  Hatchery  
  15  1:09  Spawning Pool  
  14  1:30  Drone x2  
  14  1:32  Drone  
  17  1:56  Queen  
  17  1:57  Extractor  
  18  2:02  Spine Crawler  
  17  2:19  Hatchery  
  17  2:21  Drone  
  17  2:22  Drone x2  
  19  2:24  Drone  
  19  2:25  Drone  
  22  2:30  Drone  
  22  2:58  Drone  
  22  2:59  Zergling x4, Drone  
  22  3:00  Overlord  
  22  3:01  Overlord  
  22  3:03  Metabolic Boost  
  26  3:14  Spine Crawler  
  25  3:39  Drone x3  
  28  3:42  Queen  
  28  3:44  Lair  
  28  3:45  Queen  
  28  3:48  Drone  
  33  3:50  Drone  
  33  3:52  Drone  
  33  3:55  Drone  
  36  4:12  Spore Crawler  
  36  4:16  Spore Crawler, Drone  
  35  4:17  Drone x4  
  35  4:18  Drone  
  40  4:42  Spore Crawler  
  40  4:44  Spore Crawler  
  38  4:52  Drone x5, Overlord  
  43  4:53  Drone x2  
  43  4:54  Drone x4  
  48  5:02  Zergling x2  
  48  5:03  Overlord  
  48  5:04  Overlord  
  49  5:13  Zergling x2  
  51  5:14  Zergling x8  
  51  5:18  Zergling x2  
  51  5:19  Zergling x2  
  56  5:24  Zergling x2  
  57  5:32  Zergling x10  
  62  5:43  Zergling x6  
  62  5:55  Zergling x2  
  62  5:56  Zergling x14  
  58  6:08  Zergling x10  
  59  6:16  Spine Crawler  
  54  6:18  Zergling x2  
  54  6:19  Zergling x2, Spine Crawler  
  52  6:38  Spine Crawler  
  51  6:42  Roach Warren  
  50  6:49  Evolution Chamber  
  50  6:53  Evolution Chamber  
  48  6:56  Extractor  
  48  6:59  Extractor  
  43  7:01  Zergling x2  
  43  7:02  Zergling x20, Overlord  
  43  7:03  Overlord x3  
  48  7:28  Roach x9  
  66  7:35  Drone x2  
  68  7:40  Extractor  
  67  7:46  Roach  
  67  7:47  Roach  
  71  7:59  Roach x4  
  75  8:14  Roach x4  
  82  8:26  Ravager  
  83  8:27  Ravager x3  
  84  8:50  Roach  
  84  8:51  Roach x2  
  83  9:07  Zergling x2  
  83  9:08  Zergling x20  
  93  9:42  Ravager  
  93  9:59  Roach x4  
  90  10:18  Zergling x2  
Tags
 
Add a new tag
Caveats
  • Supply blocks, unpowered buildings, or Contaminate may cause inaccurate times.
  • Supply counts are checked every 10 seconds.